 Dungeon Crawl Stone Soup version 0.30-a0-568-g124715a40b (webtiles) character file.

Game seed: 9247173462771372846

3175 12572944 the Ducker (level 9, 40/40 HPs)
             Began as a Felid Summoner on Oct 31, 2022.
             Was an Initiate of Gozag.
             Quit the game on level 7 of the Dungeon on Dec 29, 2022.
             The game lasted 00:32:55 (7630 turns).

12572944 the Ducker (Felid Summoner)                Turns: 7630, Time: 00:32:55

Health: 40/40      AC:  2    Str:  4    XL:     9   Next: 63%
Magic:  19/19      EV: 22    Int: 20    God:    Gozag
Gold:   323        SH:  0    Dex: 17    Spells: 7/20 levels left
                                        Lives:  2   Deaths: 0

rFire   . . .      SeeInvis +    (weapon unavailable)
rCold   + . .      Faith    .    (shield unavailable)
rNeg    . . .      Spirit   .    (body armour unavailable)
rPois   .          Reflect  .    (helmet unavailable)
rElec   .          Harm     .    (cloak unavailable)
rCorr   .          Rampage  .    (gloves unavailable)
Will    +....                    (boots unavailable)
Stlth   ++                       o - amulet of magic regeneration
HPRegen 0.26/turn                f - ring of protection from cold
MPRegen 0.56/turn                q - ring of wizardry

@: quick
A: very small, claws 1, fangs 3, see invisible, speed 1, shaggy fur 2, stealthy
paws, no weapons or thrown items, no armour, multi-lived
a: Renounce Religion, Potion Petition, Call Merchant, Bribe Branch


You were on level 7 of the Dungeon.
You worshipped Gozag.
Gozag was aware of your devotion.
You visited 2 branches of the dungeon, and saw 8 of its levels.

You collected 422 gold pieces.
You paid 99 gold pieces to Gozag.

Inventory:

Jewellery
 f - a ring of protection from cold (left paw)
 o - an amulet of magic regeneration (around neck)
 q - a ring of wizardry (right paw)
 u - a ring of protection from fire
Wands
 t - a wand of digging (1)
Scrolls
 b - a scroll of amnesia {unknown}
 c - a scroll of vulnerability
 i - a scroll of magic mapping {unknown}
 l - a scroll of fog
 p - a scroll of teleportation {@r4}
 w - a scroll of identify {@r1}
 x - a scroll of fear
Potions
 a - a potion of magic
 d - a potion of might
 e - 2 potions of brilliance
 g - a potion of resistance
 h - 3 potions of lignification
 j - 2 potions of mutation
 k - 4 potions of curing {@q1}
 m - a potion of flight
 n - a potion of ambrosia {unknown}
 r - a potion of haste {unknown}
 s - 3 potions of attraction
 v - 2 potions of heal wounds {unknown}


   Skills:
 + Level 5.5 Fighting
 + Level 7.8 Dodging
 - Level 2.6 Stealth
 + Level 6.1 Spellcasting
 - Level 5.0 Hexes
 + Level 7.6 Summonings
 + Level 4.3 Air Magic


You had 7 spell levels left.
You knew the following spells:

 Your Spells              Type           Power      Damage    Failure   Level
a - Summon Small Mammal   Summ           100%       N/A       1%          1
b - Call Imp              Summ           36%        N/A       1%          2
c - Call Canine Familiar  Summ           36%        N/A       1%          3
d - Summon Guardian Gole  Hex/Summ       31%        N/A       1%          3
e - Summon Lightning Spi  Summ/Air       30%        N/A       3%          4

Your spell library contained the following spells:

 Spells                   Type           Power      Damage    Failure   Level
 Tukima's Dance           Hex            26%        N/A       1%          3
 Ozocubu's Armour         Ice            6%         N/A       12%         3
 Passage of Golubria      Tloc           6%         N/A       38%         4
 Metabolic Englaciation   Hex/Ice        8%         N/A       38%         5
 Yara's Violent Unravell  Hex/Tmut       8%         3d5       38%         5
 Simulacrum               Ice/Necr       Unusable   N/A       N/A         6

Dungeon Overview and Level Annotations

Branches:
Dungeon (7/15)             Temple (1/1) D:7

Altars:
Ashenzari
Cheibriados
Dithmenos
Elyvilon
Fedhas
Gozag
Kikubaaqudgha
Makhleb
Okawaru
Qazlal
Ru
Sif Muna
Trog
Vehumet
Wu Jian
Xom
Yredelemnul
The Shining One

Shops:
D:3 [   D:7 (

Annotations:
D:3 exclusion: downstairs
D:7 exclusion: 2 killer bees


Innate Abilities, Weirdness & Mutations

You have sharp claws.
You have razor-sharp teeth.
You have supernaturally acute eyesight. (SInv)
You cover ground quickly. (Speed+)
You are covered in thick fur. (AC +2)
Your paws help you pounce on unaware monsters.
You are incapable of wielding weapons or throwing items.
You cannot wear armour.
You gain extra lives every three experience levels.


Message History

Your bat disappears in a puff of smoke!
You swap places.
You swap places.
You now have 320 gold pieces (gained 12).
A shadow imp comes into view.
You swap places.
The shadow imp shouts!
Your hound barely misses the shadow imp.
The shadow imp hits your hound.
Your hound bites the shadow imp.
Your hound bites the shadow imp.
The shadow imp closely misses your hound.
Your hound bites the shadow imp but does no damage.
The shadow imp barely misses your hound.
Your hound bites the shadow imp.
Your hound bites the shadow imp but does no damage.
The shadow imp barely misses your hound.
Your hound bites the shadow imp.
The shadow imp hits your hound.
Your hound bites the shadow imp.
The shadow imp dies!
You swap places.
You now have 323 gold pieces (gained 3).
Partly explored, can't reach some places.
Partly explored, can't reach some places.
You swap places.
You swap places.
There is a staircase to the Ecumenical Temple here.
There is a fountain of sparkling water here.
You see here a +1 shortbow of draining.
There is a stone staircase leading down here.
Saving game... please wait.
Level annotation: exclusion: 2 killer bees Welcome back, 12572944 the Felid Summoner.
Gozag says: Greed is good.
Press ? for a list of commands and other information.
Level annotation: exclusion: 2 killer bees Welcome back, 12572944 the Felid Summoner.
Gozag says: Greed is good.
Press ? for a list of commands and other information.
Are you sure you want to abandon this character and quit the game? (Confirm with "yes".)

#........# #..###
#.#...##.#####.....
#.#.#.............)
#.....##.#######.##
#.#.####.# #.# #.#.#
#.# #.# #.#.# #.# #.##
#.#.## #.# #...
#.@..###.#######...
####........#.........
##.##....###.#.####....
##.#.....##
#.#.####.... #∩.##..###
#.#...###... ##.#.###
#.###.###... ##..# #.#
#.##.### #..#
#.###.##.# # #..#
#......#.###


There were no monsters in sight!

Vanquished Creatures
  An iguana (D:4)
  A dart slug (D:3)
  A bat (D:1)
  An endoplasm (D:2)
  A goblin (D:2)
  A hobgoblin (D:1)
  2 quokkas
  A kobold zombie (D:5)
  2 rats
11 creatures vanquished.

Vanquished Creatures (collateral kills)
  Sigmund (D:4)
  A yak (D:7)
  A water moccasin (D:7)
  A sky beast (D:7)
  4 centaurs
  A kobold brigand (D:6)
  A necrophage (D:5)
  A scorpion (D:3)
  A howler monkey (D:6)
  A jelly (D:6)
  3 hounds
  3 orc priests
  An iron imp (D:5)
  2 iguanas (D:5)
  Robin (D:3)
  6 gnolls
  8 adders
  2 shadow imps
  2 worms
  6 dart slugs
  8 orcs
  5 ball pythons
  A bat (D:3)
  3 endoplasms
  2 giant cockroaches
  14 hobgoblins
  5 jackals (D:2)
  10 kobolds
  3 quokkas
  3 frilled lizards
  12 goblins
  2 hobgoblin zombies (D:5)
  A kobold skeleton (D:5)
  An orc skeleton (D:5)
  19 rats
136 creatures vanquished.

Vanquished Creatures (others)
  4 yaks (D:7)
  A wyvern (D:7)
  Eustachio (D:6)
  A steam dragon (D:7)
  A water moccasin (D:7)
  An ogre (D:7)
  A sky beast (D:7)
  A necrophage (D:5)
  2 scorpions
  A jelly (D:6)
  A nameless horror (D:7)
  An iguana (D:4)
  A giant cockroach (D:4)
17 creatures vanquished.

Grand Total: 164 creatures vanquished

Notes
Turn   | Place    | Note
-------+----------+-------------------------------------------
     0 | D:1      | 12572944 the Felid Summoner began the quest for the Orb.
     0 | D:1      | Reached XP level 1. HP: 7/7 MP: 4/4
   317 | D:1      | Reached XP level 2. HP: 10/11 MP: 1/6
   320 | D:1      | Learned a level 2 spell: Call Imp
  1249 | D:2      | Reached XP level 3. HP: 14/14 MP: 4/8
  1253 | D:2      | Learned a level 3 spell: Call Canine Familiar
  2569 | D:2      | Reached XP level 4. HP: 18/18 MP: 7/9
  2573 | D:2      | Learned a level 3 spell: Summon Guardian Golem
  2762 | D:3      | Found Geeqiss's Antique Armour Emporium.
  2790 | D:3      | Noticed a scorpion
  2801 | D:3      | Killed a scorpion
  2802 | D:3      | Reached skill level 1 in Hexes
  2802 | D:3      | Reached skill level 5 in Summonings
  2884 | D:3      | Found a burning altar of Makhleb.
  2895 | D:3      | Reached XP level 5. HP: 21/21 MP: 11/11
  2945 | D:3      | Reached skill level 1 in Fighting
  3398 | D:3      | Noticed Robin
  3410 | D:3      | Killed Robin
  3565 | D:4      | Noticed Sigmund
  3669 | D:4      | Killed Sigmund
  3670 | D:4      | Gained mutation: You are covered in thick fur. (AC +2)
                  | [Felid growth]
  3670 | D:4      | Reached XP level 6. HP: 26/26 MP: 10/12
  4051 | D:4      | Reached XP level 7. HP: 30/30 MP: 9/14
  4128 | D:4      | Learned a level 4 spell: Summon Lightning Spire
  4402 | D:5      | Entered Level 5 of the Dungeon
  4549 | D:5      | Reached skill level 1 in Air Magic
  4750 | D:5      | Found a broken altar of Ashenzari.
  4831 | D:5      | Reached skill level 5 in Dodging
  5045 | D:5      | Found a shimmering altar of Xom.
  5132 | D:5      | Found a glowing golden altar of the Shining One.
  5259 | D:5      | Reached XP level 8. HP: 34/34 MP: 9/15
  5520 | D:6      | Reached skill level 5 in Hexes
  5718 | D:6      | Found a blossoming altar of Fedhas.
  5865 | D:6      | Noticed Eustachio
  5888 | D:6      | Killed Eustachio
  5889 | D:6      | Reached skill level 5 in Spellcasting
  5991 | D:7      | Found a staircase to the Ecumenical Temple.
  6323 | D:7      | Reached XP level 9. HP: 39/39 MP: 15/18
  6371 | D:7      | Reached skill level 5 in Fighting
  6511 | Temple   | Entered the Ecumenical Temple
  6664 | Temple   | Became a worshipper of Gozag Ym Sagoz the Greedy
  7203 | D:7      | Found Gyezilen's Antique Weapon Boutique.
  7630 | D:7      | Upgraded the game from 0.30-a0-335-ge5acde7520 to
                  | 0.30-a0-377-g5cb311bc9f
  7630 | D:7      | Upgraded the game from 0.30-a0-377-g5cb311bc9f to
                  | 0.30-a0-568-g124715a40b
  7630 | D:7      | Quit the game

Illustrated notes

Levels and vault maps discovered:
D:1:      dpeg_arrival_oval, layout_rooms, minmay_misc_feat_nine_boxes,
          minmay_misc_feat_five, serial_park_tiny_1, chequers_decorated_corner,
          corexii_item_surrounded_by_moat, hangedman_abyss_or_decor_lesser_grid,
          moated_statue, minmay_misc_feat_room, hangedman_decor_points
D:2:      kennysheep_the_goblin_king, layout_basic,
          chequers_serial_rivers_micro_d, grunt_decor_one_mirror,
          corexii_hall_statues_l, minmay_rat_hole
D:3:      layout_loops_cross, mainiacjoe_overflow_cross_hatched, serial_shops,
          nicolae_lakefront_shop, minmay_cupped, uniq_robin
D:4:      layout_rooms, chequers_arboretum, hangedman_abyss_or_decor_stagger,
          uniq_sigmund
D:5:      kennysheep_spiral_hall, layout_basic, mainiacjoe_overflow_alcove_2,
          mainiacjoe_overflow_concentric_impassable,
          nicolae_tso_besieged_by_evil
D:6:      layout_gridville, fedhas_bush_and_centaur_altar, uniq_eustachio
D:7:      layout_loops_ring, minmay_temple_entry_large_hall, serial_shops, shop
Temple:   compressed_dpeg_triangle_lava_temple

Skill      XL: |  1  2  3  4  5  6  7  8  9 |
---------------+----------------------------+-----
Spellcasting   | 3 4 5 6 |  6.1
Dodging        | 3 4 5 6 7 |  7.8
Hexes          | 1 3 4 5 |  5.0
Summonings     | 5 6 7 |  7.6
Fighting       | 2 3 4 5 |  5.5
Air Magic      | 1 3 4 |  4.3
Stealth        | |  2.6

Action                   |  1- 3 |  4- 6 |  7- 9 || total
-------------------------+-------+-------+-------++-------
Melee: Unarmed           |    17 |    29 |    19 ||    65
       Bite              |     2 |     3 |     1 ||     6
 Cast: Summon Small Mamm |    59 |    31 |    29 ||   119
       Call Imp          |    19 |    13 |    14 ||    46
       Call Canine Famil |     9 |    19 |    26 ||    54
       Summon Guardian G |       |     6 |    28 ||    34
       Summon Lightning  |       |       |     9 ||     9
  Use: Scroll            |       |    11 |     3 ||    14
 Stab: Distracted        |     1 |     3 |       ||     4
       Sleeping          |       |     1 |       ||     1
       Betrayed ally     |       |       |     1 ||     1
Armor: Skin              |       |     1 |     1 ||     2
Dodge: Dodged            |    14 |    38 |    34 ||    86

Table legend: (Time is in decaauts)
 A = Elapsed time spent in this place.
 B = Non-inter-level travel time spent in this place.
 C = Inter-level travel time spent in this place.
 D = Time resting spent in this place.
 E = Time spent auto-exploring this place.
 F = Levels seen in this place.
 G = Mean time per level.
                   A        B        C        D        E       F      G
               +--------+--------+--------+--------+--------+-----+--------+
         Total |   6666 |   6365 |    301 |    342 |   4462 |   8 |  833.2 |
       Dungeon |   6535 |   6240 |    295 |    342 |   4352 |   7 |  933.6 |
        Temple |    130 |    124 |      6 |      0 |    110 |   1 |  130.0 |
               +--------+--------+--------+--------+--------+-----+--------+

Top non-repeatable levels by time:
     D:2: 1433 daAuts
     D:7: 1149 daAuts
     D:1: 967 daAuts
     D:5: 931 daAuts
     D:3: 762 daAuts
     D:4: 709 daAuts
     D:6: 581 daAuts
  Temple: 130 daAuts
